 Dungeon Crawl Stone Soup version 0.25-a0-860-gf695395b5c (webtiles) character file.

Game seed: 6423716850073188858, levelgen mode: deterministic

4 Esekla the Charmwright (level 1, 0/12 HPs)
             Began as a Deep Elf Skald on Apr 29, 2020.
             Succumbed to an adder's poison
             ... on level 2 of the Dungeon.
             The game lasted 00:01:56 (144 turns).

Esekla the Charmwright (Deep Elf Skald)              Turns: 144, Time: 00:01:56

Health: 0/12       AC:  3    Str:  8    XL:     1   Next: 58%
Magic:  3/6        EV: 12    Int: 17    God:
Gold:   0          SH:  0    Dex: 14    Spells: 5/6 levels left

rFire    . . .     SeeInvis .   a - +0 falchion
rCold    . . .     Gourm    .   (no shield)
rNeg     . . .     Faith    .   b - +0 leather armour
rPois    .         Spirit   .   (no helmet)
rElec    .         Reflect  .   (no cloak)
rCorr    .         Harm     .   (no gloves)
MR       .....                  (no boots)
Stlth    +.........             (no amulet)
HPRegen  0.04/turn              (no ring)
MPRegen  0.10/turn              (no ring)

@: lethally poisoned (0 -> -14), infused
A: no striking features
a: no special abilities


You were on level 2 of the Dungeon.
You were not hungry.

You visited 1 branch of the dungeon, and saw 2 of its levels.

Inventory:

Hand Weapons
 a - a +0 falchion (weapon)
Missiles
 e - 9 poisoned darts (quivered)
Armour
 b - a +0 leather armour (worn)
Scrolls
 g - 2 scrolls of blinking {unknown}
Potions
 c - 2 potions of curing {unknown}
 f - a potion of resistance {unknown}
Comestibles
 d - 2 rations


   Skills:
 - Level 1.5 Fighting
 * Level 2.0 Long Blades
 - Level 0.7 Armour
 + Level 2.5 Dodging
 + Level 3.1 Spellcasting
 - Level 4.4 Charms


You had 5 spell levels left.
You knew the following spells:

 Your Spells              Type           Power        Failure   Level  Hunger
a - Infusion              Chrm           ###.         4%          1    None

Your spell library contained the following spells:

 Spells                   Type           Power        Failure   Level  Hunger
 Song of Slaying          Chrm           ###.....     6%          2    ##.....
 Shroud of Golubria       Chrm/Tloc      ##....       16%         2    ##.....
 Ozocubu's Armour         Chrm/Ice       ##......     30%         3    ###....
 Spectral Weapon          Hex/Chrm       ##......     30%         3    ###....


Dungeon Overview and Level Annotations

Branches:
Dungeon (2/15)

Altars:
Xom


Message History

You hit the kobold.
The kobold is severely wounded.
The kobold misses you.
You hit the kobold!
You kill the kobold!
Your Long Blades skill increases to level 2!
You hit the goblin.
You kill the goblin!
The adder bites you.
You are lethally poisoned!
The adder poisons you!
You closely miss the adder.
* * * LOW HITPOINT WARNING * * *
You feel sick. The adder bites you but does no damage.
You miss the adder. The adder closely misses you. The adder bites you.
* * * LOW HITPOINT WARNING * * *
You are more poisoned.
The adder poisons you!
You barely miss the adder.
You die...

#....#.###########
##+ #.# #.# ###
###.# ....
#...##.....
#.#.....#
#.#.###....
#.#S#######.
#.#.@.......
#.########## #. ##


You could see an adder.

Vanquished Creatures
  A giant cockroach (D:2)
  2 goblins
  A kobold (D:2)
4 creatures vanquished.

Notes
Turn   | Place    | Note
-------+----------+-------------------------------------------
     0 | D:1      | Esekla the Deep Elf Skald began the quest for the Orb.
     0 | D:1      | Reached XP level 1. HP: 12/12 MP: 6/6
    94 | D:2      | Found a shimmering altar of Xom.
   144 | D:2      | Succumbed to an adder's poison

Levels and vault maps discovered:
D:1:      wander_arrival_peaceful_grave, layout_loops_ring
D:2:      layout_basic, nicolae_overflow_crystal_walls,
          kennysheep_decorative_pillar, minmay_fountain_box, uniq_terence

Skill      XL: |  1 |
---------------+----+-----
Long Blades    | 2 |  2.0
Fighting       | |  1.5
Armour         | |  0.7
Dodging        | |  2.5
Spellcasting   | |  3.1
Charms         | |  4.4

Action                   || total
-------------------------++-------
Melee: Falchion          ||    15
 Cast: Infusion          ||     1
Armor: Leather armour    ||     3
Dodge: Dodged            ||     7

Table legend:
 A = Non-vault XP
 B = Vault XP
 C = Vault XP percentage of total XP
 D = Non-vault monster count
 E = Vault monster count
 F = Vault count percentage of total count
                 A         B        C        D         E       F
            +---------+---------+-------+---------+---------+-------
      Total |       7 |       0 |   0.0 |       4 |       0 |   0.0
            +---------+---------+-------+---------+---------+-------
        D:1 |       2 |       0 |   0.0 |       1 |       0 |   0.0
        D:2 |       5 |       0 |   0.0 |       3 |       0 |   0.0
            +---------+---------+-------+---------+---------+-------
